 Dungeon Crawl Stone Soup version 0.28-a0-909-g796cbd3a86 (webtiles) character file.

Game seed: 1890590586241856979

312 mainiacjoe the Magician (level 6, -1/40 HPs)
             Began as a Djinni Fire Elementalist on Nov 24, 2021.
             Slain by Pikel (3 damage)
             ... on level 4 of the Dungeon on Nov 25, 2021.
             The game lasted 00:12:54 (5338 turns).

mainiacjoe the Magician (Djinni Fire Elementalist)  Turns: 5338, Time: 00:12:55

Health: -1/40      AC:  5    Str:  7    XL:     6   Next: 71%
Gold:   200        EV: 11    Int: 25    God:
                   SH:  4    Dex: 13

rFire   + + .      SeeInvis .   a - +0 flail
rCold   . . .      Faith    .   r - +0 buckler
rNeg    . . .      Spirit   .   s - +0 leather armour {rC+}
rPois   ∞          Reflect  .   g - +0 helmet
rElec   .          Harm     .   (no cloak)
rCorr   .          Rampage  .   i - +0 pair of gloves
Will    .....                   (boots unavailable)
Stlth   ++........              (no amulet)
HPRegen 0.13/turn               e - +6 ring of intelligence
MPRegen 0.00/turn               (no ring)

@: flying, very slightly contaminated
A: sickness immunity, fire resistance 2, cold vulnerability 1, float, innate
caster, hp casting, extra vitality 1
a: no special abilities


You were on level 4 of the Dungeon.
You visited 2 branches of the dungeon, and saw 5 of its levels.

You collected 200 gold pieces.

Inventory:

Hand Weapons
 a - a +0 flail (weapon)
 b - a +0 shortbow
Missiles
 c - 101 arrows
 d - 118 stones
 f - 66 bolts
 k - 3 silver javelins
 m - 19 sling bullets
 z - 3 boomerangs (quivered)
Armour
 g - a +0 helmet (worn)
 i - a +0 pair of gloves (worn)
 r - a +0 buckler (worn)
 s - a +0 leather armour of cold resistance (worn)
Jewellery
 e - a +6 ring of intelligence (left hand)
Wands
 h - a wand of polymorph (10)
Scrolls
 l - a scroll of fog {unknown}
 n - a scroll of noise {unknown}
 p - a scroll of enchant weapon {unknown}
 t - a scroll of teleportation {unknown}
 u - a scroll of amnesia {unknown}
 v - 2 scrolls of immolation {unknown}
 x - a scroll of summoning {unknown}
 y - a scroll of enchant armour {unknown}
 A - a scroll of identify {unknown}
Potions
 j - a potion of might {unknown}
 o - 2 potions of haste {unknown}
 q - a potion of heal wounds {unknown}
 w - a potion of resistance {unknown}


   Skills:
 - Level 2.6 Dodging
 - Level 2.0 Stealth
 + Level 1.8 Shields
 + Level 4.9 Spellcasting


You couldn't memorise any spells.
You knew the following spells:

 Your Spells              Type           Power      Damage    Failure   Level
a - Foxfire               Conj/Fire      100%       2x1d9     2%          1
b - Scorch                Fire           60%        2d8       3%          2
c - Searing Ray           Conj           60%        2d6       3%          2
d - Inner Flame           Hex/Fire       30%        N/A       6%          3
e - Flame Wave            Conj/Fire      30%        3d7       22%         4
f - Beastly Appendage     Tmut           60%        N/A       2%          1
g - Conjure Flame         Conj/Fire      30%        6-21      6%          3
Your spell library was empty.

Dungeon Overview and Level Annotations

Branches:
Dungeon (4/15)             Temple (1/1) D:4

Altars:
Ashenzari
Dithmenos
Fedhas
Gozag
Hepliaklqana
Kikubaaqudgha
Okawaru
Ru
Sif Muna
Uskayaw
Vehumet
Xom
Zin

Annotations:
D:4 Pikel


Innate Abilities, Weirdness & Mutations

You are immune to sickness and miasma.
You are immune to poison.
Your flesh is very heat resistant. (rF++)
You are vulnerable to cold. (rC-)
You float through the air rather than walking.
You learn spells naturally, not from books.
Your magical power is your life essence.
You have superior vitality. (+4 HP)


Message History

The lemure barely misses you.
Unknown command.
The searing ray misses the lemure.
The searing ray hits Pikel!
Pikel is moderately wounded.
The lemure barely misses you.
The searing ray hits the lemure.
The lemure is heavily wounded.
The searing ray hits Pikel.
Pikel is moderately wounded.
You finish channelling your searing ray.
The lemure completely misses you.
Casting: Searing Ray (safe; 3% risk of failure)
Confirm with . or Enter, or press ? or * to list all spells.
Flames lash the lemure but do no damage.
The lemure hits you. Pikel closely misses you.
Casting: Scorch (safe; 3% risk of failure)
Confirm with . or Enter, or press ? or * to list all spells.
Flames lash Pikel.
Pikel is heavily wounded.
Pikel's fire resistance burns away.
The lemure hits you.
A lemure comes into view.
Pikel hits you with a +0 whip of flaming!
Pikel burns you.
Pikel is no longer more vulnerable to fire.
You block the lemure's attack. The lemure barely misses you.
Casting: Scorch (safe; 3% risk of failure)
Confirm with . or Enter, or press ? or * to list all spells.
The spell is quite dangerous to cast (22% risk of failure)!
Continue anyway?
Casting: Flame Wave (quite dangerous; 22% risk of failure)
Press: ? - help, Dir - look around, f - activate You miscast Flame Wave.
You are very lightly contaminated with residual magic.
Nothing appears to happen.
* * * LOW HITPOINT WARNING * * *
The lemure hits you.
* * * LOW HITPOINT WARNING * * *
The lemure hits you!
* * * LOW HITPOINT WARNING * * *
Pikel hits you with a +0 whip of flaming.
You die...

..............#..####....# #....
..........[...#.....'....# #..[.
..............'.....#....# #....
..............#######....# #....
.........................####....
.........#####.......5...........
....#'####...+...................
....#........#.K55...............
....#........#..@................
....#...##...#.......####........
#####...##...#.......# ##'##....
#..........#.......# #...##+##
#..........#.......# #........
#..........#.......# #........
#..........'.......# #........
############.......# #########
#########


You could see Pikel and 3 lemures.

Vanquished Creatures
  An orc priest (D:3)
  3 iguanas
  2 orc wizards
  3 gnolls (D:2)
  3 adders
  A shadow imp (D:3)
  2 adder skeletons (D:4)
  A worm (D:3)
  3 dart slugs
  18 orcs
  2 bats
  2 endoplasms (D:2)
  A giant cockroach (D:2)
  5 goblins
  6 hobgoblins
  5 quokkas
  2 ball pythons
  3 frilled lizards (D:3)
  7 kobolds
  2 rats
72 creatures vanquished.

Vanquished Creatures (others)
  127 foxfires
127 creatures vanquished.

Grand Total: 199 creatures vanquished

Notes
Turn   | Place    | Note
-------+----------+-------------------------------------------
     0 | D:1      | mainiacjoe the Djinni Fire Elementalist began the quest for
                  | the Orb.
     0 | D:1      | Reached XP level 1. HP: 15/15 MP: 0/0
   546 | D:1      | Found a faded altar of an unknown god.
   577 | D:1      | Reached XP level 2. HP: 19/21 MP: 0/0
  1459 | D:2      | Reached skill level 3 in Spellcasting
  1459 | D:2      | Reached XP level 3. HP: 18/25 MP: 0/0
  1459 | D:2      | Learned a level 1 spell: Beastly Appendage
  1557 | D:2      | Reached XP level 4. HP: 3/31 MP: 0/0
  2119 | D:2      | Found a shimmering altar of Xom.
  2705 | D:2      | Reached XP level 5. HP: 31/35 MP: 0/0
  2705 | D:2      | Learned a level 2 spell: Searing Ray
  3152 | D:3      | Reached skill level 4 in Spellcasting
  3425 | D:3      | Reached XP level 6. HP: 30/40 MP: 0/0
  4127 | D:4      | Reached skill level 1 in Shields
  4672 | D:4      | Found a staircase to the Ecumenical Temple.
  4682 | Temple   | Entered the Ecumenical Temple
  5311 | D:4      | Noticed Pikel
  5338 | D:4      | HP: 2/40 [lemure[Pikel] (8)]
  5338 | D:4      | Slain by Pikel

Illustrated notes

Levels and vault maps discovered:
D:1:      eino_arrival_druids_welcome, layout_basic,
          shapermc_ecumenical_altar_pompeii, grunt_decor_one_mirror
D:2:      minmay_wonky_spiral, layout_loops_corners, basic_altar,
          amcnicky_mini_rare_corridor_liquid, minmay_fractal_squares_5
D:3:      layout_rooms, minmay_quantized
D:4:      layout_gridville, temple_hall, uniq_pikel
Temple:   minmay_temple_forest_path

Skill      XL: |  1  2  3  4  5  6 |
---------------+-------------------+-----
Stealth        | 2 |  2.0
Spellcasting   | 3 4 |  4.9
Shields        | 1 |  1.8
Dodging        | |  2.6

Action                   |  1- 3 |  4- 6 || total
-------------------------+-------+-------++-------
Melee: Dagger            |    12 |     1 ||    13
       Short sword       |       |     3 ||     3
       Flail             |       |     2 ||     2
Throw: Stone             |     1 |     1 ||     2
 Cast: Foxfire           |    30 |    48 ||    78
       Scorch            |     6 |    23 ||    29
       Searing Ray       |       |     9 ||     9
       Flame Wave        |       |     1 ||     1
 Stab: Sleeping          |       |     1 ||     1
Armor: Robe              |     2 |       ||     2
       Leather armour    |       |     3 ||     3
Dodge: Dodged            |    15 |    12 ||    27
Block: Buckler           |       |     2 ||     2

Table legend: (Time is in decaauts)
 A = Elapsed time spent in this place.
 B = Non-inter-level travel time spent in this place.
 C = Inter-level travel time spent in this place.
 D = Time resting spent in this place.
 E = Time spent auto-exploring this place.
 F = Levels seen in this place.
 G = Mean time per level.
                   A        B        C        D        E       F      G
               +--------+--------+--------+--------+--------+-----+--------+
         Total |   5335 |   5147 |    188 |    506 |   4089 |   5 | 1067.0 |
       Dungeon |   4930 |   4765 |    165 |    506 |   3721 |   4 | 1232.5 |
        Temple |    404 |    381 |     23 |      0 |    368 |   1 |  404.0 |
               +--------+--------+--------+--------+--------+-----+--------+

Top non-repeatable levels by time:
     D:2: 1876 daAuts
     D:1: 1203 daAuts
     D:4: 957 daAuts
     D:3: 893 daAuts
  Temple: 404 daAuts
